 Dungeon Crawl Stone Soup version 0.18-a0-962-gae6beb5 (webtiles) character file.

3028 TheOrbIsALie the Nimble (level 9, -4/74 HPs)
             Began as a Demonspawn Gladiator on Dec 31, 2015.
             Killed by the air
             ... invoked by Gastronok
              (36 damage)
             ... on level 8 of the Dungeon.
             The game lasted 00:14:50 (4856 turns).

TheOrbIsALie the Nimble (Demonspawn Gladiator)      Turns: 4856, Time: 00:14:54

Health: -4/74      AC:  9    Str: 16    XL:     9   Next: 55%
Magic:  9/9        EV: 16    Int:  9    God:
Gold:   267        SH:  0    Dex: 17    Spells: 0 memorised, 8 levels left

rFire  . . .     SeeInvis +     m - +4 dagger (elec)
rCold  . . .     Gourm    .     J - +1 leather armour of the Present {rElec Regen+ SInv}
rNeg   . . .     Faith    .     (no shield)
rPois  .         Spirit   .     c - +0 helmet
rElec  +         Dismiss  .     (no cloak)
rCorr  .         Reflect  .     A - +1 pair of gloves {archery}
SustAt .         Harm     .     y - +0 pair of boots
MR     +....                    (no amulet)
Stlth  +.........               C - +1 ring of protection
                                h - ring of protection from magic

@: somewhat resistant to hostile enchantments, very unstealthy
A: talons 1, repulsion field 2, demonic guardian 1, spiny 2
a: no special abilities


You were on level 8 of the Dungeon.
You were not hungry.

You visited 1 branch of the dungeon, and saw 8 of its levels.

You collected 312 gold pieces.
You spent 45 gold pieces at shops.

Inventory:

Hand Weapons
 a - a +0 flail
 m - a +4 dagger of electrocution (weapon)
 r - a cursed -3 dagger
Missiles
 d - 3 throwing nets (quivered)
Armour
 c - a +0 helmet (worn)
 y - a +0 pair of boots (worn)
 A - a +1 pair of gloves of archery (worn)
 J - the +1 leather armour of the Present (worn) {rElec Regen+ SInv}
   (You found it on level 6 of the Dungeon)

   It insulates you from electricity.
   It lets you see invisible.
   It increases your rate of regeneration.
Magical Staves
 v - an uncursed staff of poison
Jewellery
 h - a ring of protection from magic (left hand)
 C - a +1 ring of protection (right hand)
Wands
 D - a wand of slowing (20/48)
Scrolls
 k - 4 scrolls of noise {unknown}
 l - a scroll of random uselessness {unknown}
 n - 5 scrolls of immolation {unknown}
 p - a scroll of magic mapping {unknown}
 s - 3 scrolls of teleportation {unknown}
 t - a scroll of amnesia {unknown}
 u - a scroll of blinking {unknown}
 H - 3 scrolls of remove curse {unknown}
 I - a scroll of fear {unknown}
Potions
 b - a potion of invisibility {unknown}
 j - a potion of might
 o - a potion of agility {unknown}
 q - 2 potions of flight
 w - a potion of ambrosia
 z - 3 potions of curing
 E - a potion of magic
Comestibles
 f - 8 bread rations
 g - 4 beef jerkies
 x - 9 slices of pizza
 B - a meat ration
 G - 2 fruits


   Skills:
 - Level 8.2 Fighting
 - Level 5.5 Maces & Flails
 - Level 1.7 Throwing
 - Level 0.1 Armour
 - Level 9.0 Dodging


You had 8 spell levels left.
You didn't know any spells.

Dungeon Overview and Level Annotations

Branches:
Dungeon (8/15)             Temple (0/1) D:7
   Lair: D:8-11

Altars:
Ashenzari
Elyvilon
Fedhas
Gozag
Kikubaaqudgha
Makhleb
Okawaru
Trog
Zin

Shops:
D:4 !   D:5 =

Annotations:
D:8 Gastronok


Innate Abilities, Weirdness & Mutations

You have sharp toenails.
You are surrounded by a moderate repulsion field (EV +3).
A weak demonic guardian rushes to your aid.
You are mostly covered in sharp spines.


Message History

The trapdoor spider zombie is struck by your spines.
The trapdoor spider zombie closely misses you.
You hit the trapdoor spider zombie.
The trapdoor spider zombie completely misses you.
The trapdoor spider zombie is struck by your spines.
The trapdoor spider zombie closely misses you.
You hit the trapdoor spider zombie.
The trapdoor spider zombie completely misses you.
You hit the trapdoor spider zombie.
There is a sudden explosion of sparks!
The trapdoor spider zombie closely misses you.
You hit the trapdoor spider zombie.
The trapdoor spider zombie is struck by your spines.
The trapdoor spider zombie bites you!
The trapdoor spider zombie is struck by your spines.
The trapdoor spider zombie bites you but does no damage.
The trapdoor spider zombie is struck by your spines.
The trapdoor spider zombie closely misses you.
Gastronok waves his eye-stalks in wide circles.
The air twists around and strikes you!
You die...

##### #...# #...#
#...#
########...##########
.......'...'.........
..######..†####......
+.@>w.......+......
###Z#########......
..... +......
.Z.##+## #......
...#. #...... .. .
#...... + .. #.


You could see Gastronok and a trapdoor spider zombie.

Vanquished Creatures
  Pikel (D:5)
  Grinder (D:3)
  Sigmund (D:3)
  A human (D:7)
  A hippogriff (D:7)
  A hungry ghost (D:7)
  A steam dragon (D:7)
  A black bear (D:6)
  A slave (D:5)
  A necrophage (D:7)
  An ogre (D:6)
  3 giant frogs
  6 killer bees (D:7)
  A centaur zombie (D:8)
  3 crimson imps
  A hound (D:7)
  4 centaur skeletons
  2 orc priests
  4 orc wizards
  5 worker ants
  4 sheep (D:7)
  A hound zombie (D:7)
  8 gnolls
  8 adders
  A shadow imp (D:8)
  An adder skeleton (D:4)
  4 worms
  5 giant geckos
  25 orcs
  2 ball pythons (D:3)
  4 bats
  6 giant cockroaches
  6 hobgoblins
  3 jackals (D:5)
  9 kobolds
  4 giant newts
  7 goblins
  A jackal skeleton (D:6)
  A quokka skeleton (D:4)
  5 rats (D:1)
145 creatures vanquished.

Vanquished Creatures (collateral kills)
  A phantom (D:7)
  An ogre (D:6)
  A quokka (D:7)
3 creatures vanquished.

Grand Total: 148 creatures vanquished

Notes
Turn   | Place    | Note
--------------------------------------------------------------
     0 | D:1      | TheOrbIsALie the Demonspawn Gladiator began the quest for the Orb.
     0 | D:1      | Reached XP level 1. HP: 16/16 MP: 1/1
   284 | D:1      | Gained mutation: You are surrounded by a mild repulsion field (EV +2). [demonic ancestry]
   284 | D:1      | Reached XP level 2. HP: 17/22 MP: 2/2
   295 | D:1      | Reached skill level 3 in Maces & Flails
   818 | D:2      | Gained mutation: You are partially covered in sharp spines. [demonic ancestry]
   818 | D:2      | Reached XP level 3. HP: 20/27 MP: 3/3
  1363 | D:2      | Found a glowing silver altar of Zin.
  1363 | D:2      | Found a burning altar of Makhleb.
  1364 | D:2      | Noticed a blizzard demon
  1364 | D:2      | Noticed an angel
  1479 | D:3      | Noticed Sigmund
  1482 | D:3      | Killed Sigmund
  1482 | D:3      | Reached skill level 5 in Maces & Flails
  1482 | D:3      | Reached XP level 4. HP: 33/33 MP: 4/4
  1482 | D:3      | Gained mutation: You are mostly covered in sharp spines. [demonic ancestry]
  1482 | D:3      | Reached XP level 5. HP: 38/38 MP: 5/5
  1611 | D:3      | Noticed Grinder
  1623 | D:3      | Killed Grinder
  1623 | D:3      | Reached XP level 6. HP: 28/49 MP: 6/6
  1853 | D:3      | Found an iron altar of Okawaru.
  2204 | D:4      | Reached skill level 5 in Fighting
  2205 | D:4      | Gained mutation: A weak demonic guardian rushes to your aid. [demonic ancestry]
  2205 | D:4      | Reached XP level 7. HP: 29/56 MP: 7/7
  2396 | D:4      | Found Waoruon's Distillery.
  2399 | D:4      | Bought a potion of mutation for 32 gold pieces
  2399 | D:4      | Bought a potion of poison for 13 gold pieces
  2953 | D:5      | Entered Level 5 of the Dungeon
  3046 | D:5      | Noticed Pikel
  3055 | D:5      | Killed Pikel
  3055 | D:5      | Reached skill level 7 in Fighting
  3055 | D:5      | Gained mutation: You are surrounded by a moderate repulsion field (EV +3). [demonic ancestry]
  3055 | D:5      | Reached XP level 8. HP: 56/68 MP: 8/8
  3074 | D:5      | Found a shattered altar of Ashenzari.
  3201 | D:5      | Found Eqoidoemi's Jewellery Emporium.
  3218 | D:5      | Reached skill level 8 in Fighting
  3650 | D:6      | Found a bloodstained altar of Trog.
  3825 | D:6      | Reached skill level 5 in Dodging
  3878 | D:6      | Found an opulent altar of Gozag.
  4147 | D:6      | Got a slimy leather armour
  4148 | D:6      | Identified the +1 leather armour of the Present {rElec Regen+ SInv} (You found it on level 6 of the Dungeon)
  4282 | D:7      | Gained mutation: You have sharp toenails. [demonic ancestry]
  4282 | D:7      | Reached XP level 9. HP: 74/74 MP: 9/9
  4436 | D:7      | Found a blossoming altar of Fedhas.
  4494 | D:7      | Found a staircase to the Ecumenical Temple.
  4590 | D:7      | Found an ancient bone altar of Kikubaaqudgha.
  4626 | D:7      | Found a white marble altar of Elyvilon.
  4727 | D:8      | Noticed Gastronok
  4741 | D:8      | Reached skill level 9 in Dodging
  4856 | D:8      | Killed from afar by Gastronok

Vault maps used:
D:1:      scummos_arrival_forest, st_stairs_10, moated_statue,
          serial_park_tiny_pond
D:2:      grunt_temple_overflow_order_and_chaos_2
D:3:      okawaru_trees_2, uniq_sigmund, uniq_grinder
D:4:      first_bread, serial_shops, kennysheep_mini_moat
D:5:      cheibrodos_ashenzari_chains, serial_shops, shop, uniq_pikel
D:6:      bloody_trog, grunt_gozag_statues
D:7:      kennysheep_mini, lemuel_crystal_altar,
          minmay_temple_entry_from_below_a, grunt_livestock, lemuel_tele_altar
D:8:      due_megacathedral, nicolae_ru_great_annihilating_truth,
          minmay_misc_feat_plants, uniq_gastronok

Action                   |  1- 3 |  4- 6 |  7- 9 || total
-------------------------+-------+-------+-------++-------
Melee: Flail             |    63 |       |       ||    63
       Dagger            |     5 |    38 |   176 ||   219
  Use: Scroll            |       |       |     7 ||     7
 Stab: Sleeping          |       |       |     1 ||     1
  Eat: Chunk             |     1 |     2 |    11 ||    14
